 Dungeon Crawl Stone Soup version 0.18-a0-1028-g6e46bd4 (webtiles) character file.

333 Leibowitz the Shield-Bearer (level 6, 0/51 HPs)
             Began as a Demigod Fighter on Jan 9, 2016.
             Succumbed to a killer bee's poison
             ... on level 5 of the Dungeon.
             The game lasted 00:10:10 (3839 turns).

Leibowitz the Shield-Bearer (Demigod Fighter)       Turns: 3839, Time: 00:10:10

Health: 0/51       AC:  3    Str: 24    XL:     6   Next: 5%
Magic:  8/8        EV: 11    Int: 12    God:
Gold:   130        SH: 10    Dex: 19    Spells: 0 memorised, 5 levels left

rFire  . . .     SeeInvis .     a - +1 long sword
rCold  . . .     Gourm    .     s - +0 leather armour
rNeg   . . .     Faith    .     c - +0 shield
rPois  .         Spirit   .     (no helmet)
rElec  .         Dismiss  .     (no cloak)
rCorr  .         Reflect  .     (no gloves)
SustAt +         Harm     .     (no boots)
MR     +....                    (no amulet)
Stlth  ++........               (no ring)
                                t - ring of protection from magic

@: mighty, lethally poisoned (0 -> -13), somewhat resistant to hostile
enchantments, unstealthy
A: high mp 1, sustain attributes
a: no special abilities


You were on level 5 of the Dungeon.
You were not hungry.

You visited 1 branch of the dungeon, and saw 5 of its levels.

You collected 130 gold pieces.

Inventory:

Hand Weapons
 a - a +1 long sword (weapon)
Missiles
 n - 6 javelins (quivered)
Armour
 c - a +0 shield (worn)
 s - a +0 leather armour (worn)
Jewellery
 t - a ring of protection from magic (left hand)
Scrolls
 b - a scroll of amnesia
 e - a scroll of enchant weapon
 m - a scroll of magic mapping
 o - 2 scrolls of fear
 q - a scroll of remove curse
Potions
 g - 2 potions of flight
Comestibles
 f - 3 bread rations
 h - 3 chunks of flesh
 l - 2 beef jerkies


   Skills:
 * Level 3.3 Fighting
 * Level 2.6 Long Blades
 * Level 3.3 Armour
 * Level 2.6 Dodging
 * Level 2.2 Stealth
 * Level 3.7 Shields


You had 5 spell levels left.
You didn't know any spells.

Dungeon Overview and Level Annotations

Branches:
Dungeon (5/15)
 Temple: D:4-7

Annotations:
D:3 Leszczynek's ghost, weakling HESk
D:4 1 exclusion, Duvessa; Eustachio


Innate Abilities, Weirdness & Mutations

You have an increased reservoir of magic (+10% MP).
Your attributes are resistant to harm.


Message History

You block the killer bee's attack.
You barely miss the killer bee.
The killer bee is severely wounded.
* * * LOW HITPOINT WARNING * * *
You feel very sick. The killer bee barely misses you.
You block the killer bee's attack. The killer bee stings you.
* * * LOW HITPOINT WARNING * * *
Drink which item? (? for menu, Esc to quit)
You feel very mighty all of a sudden.
* * * LOW HITPOINT WARNING * * *
You feel sick. You block the killer bee's attack. x2
You slash the killer bee!
You kill the killer bee!
You have reached level 6!
Your experience leads to an increase in your attributes!
Your base attributes are Str 19, Int 12, Dex 17.
Increase (S)trength, (I)ntelligence, or (D)exterity?
You feel agile. x2
You die...

## ..
#y
#.###
#y#<#
#.#.#
#..@#
#####


There were no monsters in sight!

Vanquished Creatures
  A scorpion (D:4)
  A killer bee (D:5)
  An orc wizard (D:4)
  A hound (D:4)
  A worker ant (D:4)
  A human skeleton (D:3)
  6 adders
  An ooze (D:1)
  2 worms (D:3)
  A giant gecko (D:2)
  4 orcs
  2 giant cockroaches
  7 goblins
  9 hobgoblins
  4 jackals (D:2)
  2 quokkas
  A ball python (D:3)
  11 bats
  A giant newt (D:1)
  A goblin skeleton (D:3)
  6 kobolds
  A kobold skeleton (D:3)
  10 rats
75 creatures vanquished.

Vanquished Creatures (others)
  A human (D:3)
  An orc priest (D:3)
  3 orcs (D:3)
5 creatures vanquished.

Grand Total: 80 creatures vanquished

Notes
Turn   | Place    | Note
--------------------------------------------------------------
     0 | D:1      | Leibowitz the Demigod Fighter began the quest for the Orb.
     0 | D:1      | Reached XP level 1. HP: 18/18 MP: 3/3
   203 | D:1      | Reached XP level 2. HP: 22/25 MP: 4/4
   466 | D:1      | Reached skill level 3 in Fighting
   813 | D:2      | Reached XP level 3. HP: 31/31 MP: 5/5
  1092 | D:2      | Reached skill level 1 in Stealth
  1789 | D:3      | Noticed Leszczynek's ghost (weakling HESk)
  2172 | D:3      | Reached skill level 1 in Dodging
  2172 | D:3      | Reached XP level 4. HP: 28/38 MP: 6/6
  2734 | D:3      | Found a runed door.
  2734 | D:3      | Noticed a human
  2756 | D:3      | Found a basalt altar of Yredelemnul.
  3312 | D:3      | Killed a human
  3548 | D:4      | Reached XP level 5. HP: 45/45 MP: 7/7
  3612 | D:4      | Found a white marble altar of Elyvilon.
  3691 | D:4      | Noticed Duvessa
  3815 | D:4      | Noticed Eustachio
  3826 | D:5      | Entered Level 5 of the Dungeon
  3838 | D:5      | HP: 2/45 [poisoned by a killer bee]
  3839 | D:5      | Reached XP level 6. HP: 2/51 MP: 8/8
  3839 | D:5      | Succumbed to a killer bee's poison

Vault maps used:
D:1:      dpeg_arrival_round_b
D:3:      first_bread, minmay_misc_feat_alley, dk_yredelemnul_ordeal
D:4:      makhleb_grotto_becter, fiery_altar_vehumet, elyvilon_altar_1,
          serial_glass, glass_columns_a, glass_columns_b, uniq_duvessa,
          uniq_eustachio, uniq_blork_the_orc
D:5:      wad_river_or_something, nicolae_ru_great_annihilating_truth,
          minmay_temple_entry_overgrown, serial_shops, shop

Action                   |  1- 3 |  4- 6 || total
-------------------------+-------+-------++-------
Melee: Long sword        |   136 |    99 ||   235
Throw: Javelin           |     6 |     8 ||    14
  Use: Scroll            |       |    10 ||    10
       Potion            |       |     6 ||     6
 Stab: Sleeping          |     1 |     4 ||     5
  Eat: Chunk             |     4 |     6 ||    10
